Map: Бюро находок РВ

Players

ELESTRAGO - Winner!

  • Race: Terran Terran
  • League: Master
  • Spawn Location: 1:00

Sweety

  • Race: Protoss Protoss
  • League: Diamond
  • Spawn Location: 7:00

VOD

Have the link to the VOD?

Description

Time

  • Played on: July 8, 2018, 6:43 a.m.
  • Length: 5:45
Show
View Real Time Build Order
Export as new Build Order

ELESTRAGO Terran - Winner!

Build Orders: Reaper Expand 

Get SALT Encoding   

  12  0:01  SCV  
  13  0:13  SCV  
  14  0:17  Supply Depot  
  14  0:25  SCV  
  15  0:39  SCV  
  15  0:40  Barracks  
  16  0:45  Refinery  
  16  0:51  SCV  
  17  1:03  SCV  
  18  1:15  SCV  
  19  1:28  Reaper, Orbital Command  
  20  1:42  Command Center  
  20  1:54  Barracks  
  20  1:58  SCV  
  21  2:02  Barracks Reactor  
  21  2:08  Supply Depot  
  21  2:14  SCV  
  22  2:21  Barracks  
  22  2:26  SCV  
  23  2:39  SCV, Marine x2  
  23  2:42  Engineering Bay  
  23  2:43  Barracks Tech Lab  
  26  2:51  SCV  
  27  2:56  Orbital Command  
  27  2:58  Marine  
  27  2:59  Marine  
  27  3:04  Stimpack  
  29  3:10  Terran Infantry Weapons Level 1  
  29  3:14  Marine  
  30  3:21  Barracks Tech Lab, Marine x2  
  32  3:32  Marine  
  33  3:35  Supply Depot  
  33  3:39  SCV x2, Marine x2  
  33  3:40  Marine  
  37  3:50  Marine  
  37  3:51  SCV x2  
  37  3:55  Combat Shield  
  40  3:58  Supply Depot  
  40  4:01  Marine x2  
  43  4:03  SCV x2  
  43  4:07  Missile Turret  
  45  4:14  Marauder x2  
  45  4:15  SCV x2  
  50  4:19  Marine x2  
  50  4:21  Supply Depot  
  52  4:27  SCV x2  
  54  4:35  Marine x2  
  56  4:40  SCV x2  
  58  4:45  Supply Depot  
  58  4:48  Command Center  
  58  4:52  SCV x2, Refinery  
  60  4:55  Refinery  
  60  4:56  Refinery  
  60  4:58  Marine, Factory  
  60  4:59  Marine  
  61  5:04  SCV x2  
  62  5:14  Marine x2  
  63  5:16  SCV  
  63  5:17  SCV  
  64  5:28  SCV  
  64  5:29  SCV  
  73  5:42  Supply Depot  
  73  5:44  Starport  
Show
View Real Time Build Order
Export as new Build Order

Sweety Protoss 

Build Orders: 1 Gate Expand, Oracle Opening 

Get SALT Encoding   

  12  0:00  Probe  
  13  0:13  Probe  
  14  0:17  Pylon  
  14  0:25  Probe  
  15  0:35  Gateway  
  15  0:38  Probe  
  16  0:46  Probe  
  16  0:56  Probe  
  18  1:08  Probe  
  19  1:21  Probe  
  19  1:22  Nexus  
  20  1:32  Cybernetics Core  
  20  1:36  Assimilator  
  20  1:37  Probe  
  21  1:50  Assimilator, Pylon  
  21  1:51  Probe  
  22  1:57  Adept  
  22  2:05  Probe  
  24  2:17  Probe  
  25  2:24  Gateway  
  25  2:28  Pylon  
  25  2:29  Probe  
  25  2:46  Warp Gate  
  25  2:50  Probe x2  
  27  2:55  Stargate  
  27  2:56  Adept  
  27  3:02  Probe x2  
  27  3:05  Pylon  
  31  3:09  Adept  
  33  3:14  Probe  
  33  3:16  Probe  
  33  3:40  Probe x2  
  35  3:43  Twilight Council  
  35  3:44  Oracle  
  35  3:45  Forge  
  35  3:52  Probe x2  
  38  4:04  Probe x2  
  40  4:14  Nexus  
  40  4:18  Probe x2  
  42  4:30  Probe  
  43  4:34  Probe  
  43  4:35  Shield Battery  
  44  4:42  Probe  
  44  4:43  Adept x2  
  49  4:46  Probe  
  50  4:54  Probe  
  51  5:05  Phoenix  
  51  5:06  Adept x2  
  57  5:08  Assimilator  
  57  5:10  Probe x2  
  57  5:11  Assimilator  
  59  5:20  Pylon  
  59  5:25  Gateway  
  59  5:26  Gateway  
  50  5:30  Adept  
  50  5:31  Adept  
Tags
 
Add a new tag
Caveats
  • Supply blocks, unpowered buildings, or Contaminate may cause inaccurate times.
  • Supply counts are checked every 10 seconds.